Map: Oxide LE

Players

Probe

  • Race: Protoss Protoss

Demi - Winner!

  • Race: Zerg Zerg
  • League: Grandmaster

Event: DreamHack SC2 Masters 2021 Summer

VOD

Have the link to the VOD?

Description

Time

  • Played on: May 19, 2021, 6:11 a.m.
  • Length: 13:14

All games in this series

Show
View Real Time Build Order
Export as new Build Order

Probe Protoss 

Build Orders: 1 Gate Expand, Oracle Opening 

Get SALT Encoding   

  12  0:00  Probe  
  13  0:12  Probe  
  14  0:19  Pylon  
  14  0:24  Probe  
  15  0:37  Probe (Chrono Boost)  
  16  0:44  Gateway  
  16  0:46  Probe (Chrono Boost)  
  17  0:50  Assimilator  
  17  0:51  Probe  
  18  1:03  Probe  
  19  1:15  Probe  
  20  1:25  Nexus  
  20  1:35  Cybernetics Core  
  20  1:38  Probe  
  21  1:45  Assimilator  
  21  1:50  Probe  
  21  1:53  Pylon  
  22  2:02  Probe  
  23  2:09  Stalker (Chrono Boost)  
  23  2:10  Probe  
  26  2:18  Probe  
  27  2:29  Stargate  
  27  2:30  Probe (Chrono Boost)  
  27  2:31  Adept  
  30  2:37  Probe (Chrono Boost)  
  30  2:43  Warp Gate  
  32  2:46  Probe (Chrono Boost)  
  32  2:47  Probe (Chrono Boost)  
  33  2:52  Probe (Chrono Boost)  
  33  2:53  Probe  
  35  3:04  Probe, Gateway  
  36  3:06  Probe  
  36  3:07  Pylon  
  36  3:10  Oracle (Chrono Boost)  
  37  3:16  Probe  
  37  3:18  Probe  
  42  3:28  Probe  
  42  3:30  Probe  
  44  3:35  Void Ray  
  44  3:40  Probe  
  45  3:42  Probe  
  50  3:52  Probe, Nexus  
  50  3:53  Pylon  
  50  3:54  Probe  
  52  4:00  Assimilator x2  
  52  4:04  Probe  
  52  4:06  Probe, Pylon  
  54  4:16  Probe  
  55  4:19  Probe  
  55  4:23  Twilight Council  
  56  4:25  Forge  
  56  4:28  Probe  
  56  4:31  Probe  
  56  4:32  Adept x2  
  56  4:38  Adept x2  
  56  4:39  Pylon  
  56  4:40  Probe, Pylon  
  56  4:43  Probe  
  56  4:44  Blink  
  62  4:50  Gateway  
  62  4:52  Gateway  
  62  4:57  Probe, Protoss Ground Weapons Level 1 (Chrono Boost)  
  62  4:58  Probe  
  64  5:02  Sentry x2  
  68  5:10  Probe  
  68  5:12  Pylon  
  68  5:13  Shield Battery  
  68  5:14  Probe x2 (Chrono Boost)  
  68  5:15  Phoenix  
  68  5:21  Gateway  
  68  5:22  Gateway  
  68  5:26  Probe (Chrono Boost)  
  70  5:29  Probe (Chrono Boost)  
  70  5:31  Probe (Chrono Boost)  
  70  5:32  Sentry x2  
  70  5:34  Probe (Chrono Boost)  
  76  5:36  Probe (Chrono Boost)  
  76  5:37  Probe (Chrono Boost)  
  78  5:44  Probe  
  78  5:46  Probe  
  78  5:48  Probe  
  78  5:49  Sentry x2  
  85  5:51  Robotics Facility  
  85  5:55  Pylon  
  85  5:56  Probe  
  86  5:58  Probe  
  86  5:59  Stalker  
  86  6:00  Probe, Stalker  
  86  6:01  Shield Battery  
  86  6:03  Assimilator  
  92  6:06  Assimilator  
  92  6:08  Probe  
  92  6:10  Probe  
  94  6:12  Probe  
  94  6:13  Pylon  
  95  6:20  Probe  
  95  6:21  Phoenix  
  95  6:22  Probe, Pylon  
  95  6:25  Pylon  
  99  6:30  Stalker  
  99  6:31  Stalker x4  
  109  6:34  Pylon  
  110  6:40  Observer  
  110  6:41  Stalker  
  110  6:46  Phoenix  
  114  6:47  Photon Cannon x2  
  114  6:59  Stalker  
  114  7:00  Protoss Ground Weapons Level 2 (Chrono Boost), Stalker x3  
  114  7:01  Photon Cannon  
  122  7:05  Observer  
  123  7:11  Charge (Chrono Boost)  
  123  7:23  Phoenix  
  123  7:26  Nexus  
  123  7:28  Pylon  
  125  7:39  Shield Battery  
  125  7:40  Shield Battery  
  125  7:41  Pylon  
  125  7:44  Templar Archives  
  125  7:45  Photon Cannon  
  125  7:46  Photon Cannon  
  125  7:48  Phoenix  
  127  7:54  Stalker x4  
  127  7:55  Zealot  
  127  7:56  Observer, Zealot  
  139  8:01  Gateway  
  139  8:04  Gateway  
  139  8:15  Phoenix (Chrono Boost), Nexus  
  139  8:16  Pylon  
  141  8:20  Stalker x3  
  141  8:21  Stalker  
  141  8:25  Pylon  
  149  8:28  Psionic Storm  
  149  8:34  Pylon x3  
  149  8:40  Stalker  
  149  8:41  Stalker  
  151  8:43  Phoenix (Chrono Boost)  
  151  8:46  High Templar  
  155  8:50  Zealot  
  155  8:51  Zealot x2  
  161  8:57  Zealot  
  161  9:00  Shield Battery  
  161  9:02  Shield Battery  
  163  9:04  Shield Battery  
  163  9:07  Phoenix  
  165  9:12  Stalker x3  
  171  9:21  Shield Battery  
  169  9:24  Shield Battery  
  169  9:27  Shield Battery  
  169  9:28  High Templar x2  
  169  9:29  Zealot x2  
  175  9:31  Probe x2  
  175  9:32  Phoenix  
  179  9:40  High Templar  
  179  9:43  Zealot  
  179  9:44  Zealot x2  
  187  9:50  Zealot  
  187  9:51  Zealot  
  182  10:02  Probe  
  183  10:08  Stalker  
  183  10:09  Stalker x4  
  191  10:14  Fleet Beacon  
  191  10:16  Stargate, Assimilator  
  191  10:17  Probe x2, Assimilator  
  191  10:18  Archon  
  193  10:23  Zealot x3  
  191  10:31  Probe  
  191  10:33  Probe x2  
  191  10:34  Probe  
  186  10:37  Stalker x3  
  186  10:38  Stalker  
  188  10:45  Probe  
  188  10:47  High Templar x2  
  193  10:50  Phoenix  
  193  10:56  Probe  
  194  11:05  Anion Pulse-Crystals, Phoenix  
  194  11:09  Pylon x2  
  196  11:15  Pylon  
  196  11:17  Pylon  
  194  11:18  Photon Cannon  
  194  11:19  Shield Battery  
  194  11:24  Shield Battery  
  174  11:29  Stalker x4  
  174  11:30  Stalker  
  174  11:32  Probe  
  169  11:37  Probe  
  169  11:39  Probe  
  163  11:40  Probe  
  150  11:51  Phoenix  
  148  12:00  Probe  
  148  12:07  Stalker x3  
  150  12:12  Pylon  
  150  12:13  Pylon  
  114  12:26  Probe  
  114  12:28  Pylon  
  114  12:29  Gateway  
  95  12:31  Zealot x4  
  95  12:32  Gateway x2  
  95  12:33  Phoenix  
  95  12:35  Probe x2  
  106  12:37  Stargate  
  106  12:38  Stargate  
  99  12:48  Pylon  
  99  12:50  Stalker  
  93  12:51  Stalker  
  93  12:52  Stalker  
  93  12:53  Stalker x2  
  93  12:55  Pylon  
Show
View Real Time Build Order
Export as new Build Order

Demi Zerg - Winner!

Build Orders: Hatch First, Muta Ling Bane 

Get SALT Encoding   

  12  0:00  Drone  
  13  0:12  Overlord  
  13  0:17  Drone  
  14  0:31  Drone x2  
  16  0:50  Hatchery  
  16  0:52  Drone  
  16  0:55  Drone  
  17  0:58  Drone  
  18  1:09  Extractor  
  17  1:14  Spawning Pool  
  17  1:18  Drone  
  17  1:21  Drone  
  18  1:28  Drone  
  19  1:40  Drone  
  20  1:49  Overlord  
  20  2:02  Queen  
  20  2:03  Queen  
  20  2:04  Zergling x4  
  26  2:11  Metabolic Boost  
  26  2:12  Drone  
  27  2:16  Drone  
  27  2:21  Drone  
  29  2:27  Drone  
  30  2:40  Hatchery  
  29  2:44  Drone x2  
  29  2:46  Drone  
  29  2:51  Overlord  
  32  2:58  Queen  
  32  3:02  Drone  
  32  3:03  Drone  
  36  3:11  Drone x2  
  36  3:12  Drone  
  39  3:14  Queen  
  39  3:17  Drone  
  42  3:20  Overlord  
  42  3:25  Drone x2  
  44  3:34  Overlord x2  
  44  3:38  Queen  
  46  3:44  Zergling x4  
  46  3:45  Zergling x2  
  49  3:49  Overlord  
  49  3:54  Drone x4  
  53  3:59  Spore Crawler  
  52  4:03  Overlord  
  52  4:04  Drone  
  52  4:05  Drone  
  52  4:09  Drone x3  
  57  4:14  Queen  
  59  4:20  Drone  
  59  4:21  Drone x2  
  61  4:25  Drone  
  61  4:26  Drone x2  
  63  4:32  Drone x3  
  63  4:33  Drone  
  63  4:36  Drone  
  67  4:39  Roach Warren  
  67  4:45  Lair  
  66  4:47  Drone x3  
  69  4:58  Drone x3  
  69  4:59  Drone x3  
  73  5:02  Drone  
  74  5:07  Extractor, Drone x3  
  74  5:13  Drone x2  
  78  5:17  Extractor  
  78  5:18  Extractor  
  78  5:19  Extractor x2  
  74  5:21  Overlord x2  
  74  5:26  Evolution Chamber  
  73  5:30  Drone  
  73  5:31  Drone  
  73  5:33  Hatchery  
  73  5:34  Overlord x2  
  74  5:38  Drone  
  74  5:39  Drone x4  
  79  5:42  Glial Reconstitution  
  79  5:44  Overseer  
  79  5:48  Drone  
  79  5:49  Drone, Spire  
  81  5:50  Drone  
  81  5:52  Roach x3  
  81  5:53  Zergling x2  
  87  5:57  Zerg Missile Weapons Level 1  
  87  6:01  Overlord x2  
  87  6:06  Zergling x2, Roach x2  
  92  6:13  Overlord x3  
  92  6:17  Roach x2  
  92  6:18  Zergling x2  
  97  6:22  Overlord  
  97  6:24  Ravager  
  98  6:29  Roach x5  
  98  6:30  Zergling x2  
  109  6:36  Drone x5  
  109  6:37  Drone  
  115  6:53  Extractor  
  114  6:54  Zergling x10  
  114  6:55  Zergling x8  
  114  6:58  Ravager x2  
  114  6:59  Ravager x2  
  127  7:02  Roach x4  
  127  7:06  Overlord x2, Zerg Flyer Weapons Level 1  
  127  7:07  Overlord  
  135  7:08  Drone  
  135  7:15  Extractor  
  135  7:17  Roach x2  
  135  7:18  Zergling x10  
  135  7:21  Ravager x2  
  143  7:28  Drone  
  143  7:29  Drone x3  
  148  7:30  Drone x2  
  148  7:31  Zergling x8  
  153  7:58  Zerg Melee Weapons Level 1  
  153  7:59  Mutalisk x2  
  153  8:00  Mutalisk x8  
  153  8:04  Baneling Nest  
  172  8:07  Overlord x2  
  172  8:18  Overlord x2  
  172  8:19  Overlord x2  
  172  8:20  Mutalisk x2  
  172  8:27  Hatchery  
  175  8:32  Mutalisk x3  
  175  8:33  Mutalisk x2  
  185  8:51  Centrifical Hooks  
  185  8:53  Mutalisk x3  
  191  9:02  Extractor x2, Zerg Flyer Weapons Level 2  
  183  9:18  Mutalisk  
  183  9:19  Mutalisk x2  
  187  9:29  Drone  
  187  9:30  Drone x4  
  187  9:31  Drone  
  193  9:32  Pneumatized Carapace  
  193  9:33  Overseer  
  193  9:42  Mutalisk x3  
  193  9:44  Spore Crawler  
  198  9:47  Spore Crawler  
  189  10:04  Mutalisk x6  
  187  10:42  Mutalisk x8  
  183  10:48  Mutalisk x2  
  195  11:05  Mutalisk x2  
  199  11:18  Zerg Flyer Armor Level 1  
  186  11:27  Mutalisk x5  
  186  11:28  Mutalisk x4  
  186  11:30  Hatchery  
  164  11:40  Mutalisk  
  164  11:41  Mutalisk x3  
  164  11:43  Zergling x12  
  164  11:44  Zergling x30  
  179  11:50  Mutalisk x2  
  179  11:54  Zergling x36  
  195  12:04  Mutalisk x3  
  198  12:12  Drone x2  
  199  12:19  Mutalisk x5  
  199  12:22  Zergling x18  
  161  12:27  Zergling x6  
  157  12:35  Mutalisk x3  
  157  12:36  Mutalisk  
  165  12:41  Zergling x2  
  165  12:42  Zergling x10  
Tags
 
Add a new tag
Caveats
  • Supply blocks, unpowered buildings, or Contaminate may cause inaccurate times.
  • Supply counts are checked every 10 seconds.